 Seeded DCSS version 0.25.1-8-g42b30a86e7 (webtiles) character file.

Game seed: 20201210 (custom seed)

84207 radhat240 the Severer (level 15, -1/141 HPs)
             Began as a Hill Orc Fighter on Dec 18, 2020.
             Was the Champion of Beogh.
             Killed from afar by a bog body (17 damage)
             ... with a bolt of cold
             ... on level 2 of the Swamp on Dec 19, 2020.
             The game lasted 03:08:22 (26466 turns).

radhat240 the Severer (Hill Orc Fighter)           Turns: 26466, Time: 03:08:22

Health: -1/141     AC: 33    Str: 35    XL:     15   Next: 79%
Magic:  32/32      EV:  6    Int:  8    God:    Beogh [******]
Gold:   763        SH: 24    Dex: 12    Spells: 14/14 levels left

rFire    . . .     SeeInvis .   z - +5 war axe (flame)
rCold    . . .     Gourm    .   K - +2 tower shield {AC+3}
rNeg     . . .     Faith    .   k - +1 plate armour
rPois    .         Spirit   .   p - +2 hat "Nubitul" {Str+3 Dex+2}
rElec    .         Reflect  .   D - +2 cloak
rCorr    .         Harm     .   l - +2 pair of gloves
MR       +++..                  i - +2 pair of boots
Stlth    ..........             g - amulet of regeneration
HPRegen  0.73/turn              C - ring of Keihuv {MR++ MP+9}
MPRegen  0.23/turn              s - +6 ring of strength

@: lethally poisoned (-1 -> -3)
A: walk on water
a: Smiting, Recall Orcish Followers, Give Item to Named Follower, Resurrection,
Renounce Religion


You were on level 2 of the Swamp.
You worshipped Beogh.
Beogh was exalted by your worship.
You were not hungry.

You visited 4 branches of the dungeon, and saw 24 of its levels.
You also visited: Sewer and Bailey.

You collected 3107 gold pieces.
You spent 2344 gold pieces at shops.

Inventory:

Hand Weapons
 a - a +1 war axe
 z - a +5 war axe of flaming (weapon)
Missiles
 F - 12 javelins (quivered)
 O - a silver javelin
Armour
 c - a +0 kite shield
 i - a +2 pair of boots (worn)
 k - a +1 plate armour (worn)
 l - a +2 pair of gloves (worn)
 p - the +2 hat "Nubitul" (worn) {Str+3 Dex+2}
   (You acquired it in a bailey)

   It affects your strength (+3).
   It affects your dexterity (+2).
 D - a +2 cloak (worn)
 K - a +2 tower shield of protection (worn)
 P - a +1 helmet of intelligence
Jewellery
 b - an uncursed ring of protection from cold
 g - an amulet of regeneration (around neck)
 j - a +6 ring of intelligence
 n - an uncursed ring of protection from fire
 s - a +6 ring of strength (right hand)
 C - the ring of Keihuv (left hand) {MR++ MP+9}
   (You found it in a bailey)

   [ring of magical power]

   It affects your resistance to hostile enchantments.
   It affects your magic capacity (+9).
 H - an uncursed ring of see invisible
 M - a +4 ring of protection {unknown}
 R - a +6 ring of intelligence
 S - an uncursed ring of protection from fire
Scrolls
 e - a scroll of fear
 h - 9 scrolls of remove curse
 m - 12 scrolls of teleportation
 q - 4 scrolls of blinking
 t - 2 scrolls of enchant weapon
 u - 5 scrolls of magic mapping
 x - 2 scrolls of identify
 y - a scroll of enchant armour
 A - 6 scrolls of immolation
 L - a scroll of summoning
 N - 3 scrolls of fog
 Q - a scroll of holy word
 Y - a scroll of vulnerability {unknown}
Potions
 d - 3 potions of ambrosia
 o - 4 potions of might
 r - 7 potions of haste
 v - a potion of invisibility {unknown}
 w - 3 potions of mutation
 B - 10 potions of heal wounds
 E - 6 potions of curing
 U - 4 potions of lignification {unknown}
 V - 4 potions of stabbing {unknown}
 Z - a potion of flight {unknown}
Comestibles
 f - 39 rations
 G - 10 chunks of flesh


   Skills:
 + Level 15.4 Fighting
 + Level 16.6 Axes
 + Level 14.4 Armour
 - Level 0.3 Dodging
 + Level 14.4 Shields
 + Level 11.1 Invocations


You had 14 spell levels left.
You didn't know any spells.
Your spell library contained the following spells:

 Spells                   Type           Power        Failure   Level  Hunger
 Animate Skeleton         Necr           N/A          100%        1    ##.....
 Apportation              Tloc           #.....       100%        1    ##.....
 Beastly Appendage        Tmut           #.....       100%        1    ##.....
 Corona                   Hex            #......      100%        1    ##.....
 Infusion                 Chrm           #...         100%        1    ##.....
 Sandblast                Erth           #.....       100%        1    ##.....
 Summon Small Mammal      Summ           #...         100%        1    ##.....
 Passwall                 Tmut/Erth      #.......     100%        2    ###....
 Shroud of Golubria       Chrm/Tloc      #.....       100%        2    ###....
 Song of Slaying          Chrm           #.......     100%        2    ###....
 Sticks to Snakes         Tmut           #.......     100%        2    ###....
 Swiftness                Chrm/Air       #.......     100%        2    ###....
 Ozocubu's Armour         Chrm/Ice       #.......     100%        3    ####...
 Spectral Weapon          Hex/Chrm       #.......     100%        3    ####...
 Spider Form              Tmut/Pois      #.........   100%        3    ####...
 Stone Arrow              Conj/Erth      #.....       100%        3    ####...
 Cause Fear               Hex            #.........   100%        4    #####..
 Ice Form                 Ice/Tmut       #.......     100%        4    #####..
 Passage of Golubria      Tloc           N/A          100%        4    #####..
 Petrify                  Tmut/Erth      #.......     100%        4    #####..
 Blade Hands              Tmut           #.........   100%        5    ######.
 Bolt of Magma            Conj/Fire/Erth #.........   100%        5    ######.
 Iskenderun's Battlesphe  Conj/Chrm      #.......     100%        5    ######.
 Lee's Rapid Deconstruct  Erth           #.........   100%        5    ######.
 Silence                  Hex/Air        #.........   100%        5    ######.
 Yara's Violent Unravell  Hex/Tmut       #.........   100%        5    ######.
 Darkness                 Hex            #.........   100%        6    #######
 Invisibility             Hex            #.......     100%        6    #######
 Iron Shot                Conj/Erth      #.........   100%        6    #######
 Orb of Destruction       Conj           #.........   100%        7    #######
 Spellforged Servitor     Conj/Summ      #.........   100%        7    #######
 Discord                  Hex            #.........   100%        8    #######


Dungeon Overview and Level Annotations

Branches:
Dungeon (14/15)            Temple (0/1) D:6            Lair (6/6) D:9
  Swamp (2/4) Lair:3        Snake (0/4) Lair:2        Slime (0/5) Lair:5
    Orc (2/2) D:11            Elf (0/3) Orc:2        Vaults (0/5) D:14
  Sewer (visited)          Bailey (visited)

Altars:
Ashenzari
Cheibriados
Dithmenos
Elyvilon
Gozag
Kikubaaqudgha
Ru
Trog
Vehumet
Yredelemnul
Jiyva

Shops:
D:12 [   D:13 [:   Orc:1 (   Orc:2 [:*(


Message History

The blast of poison engulfs you!
You are more poisoned.
* * * LOW HITPOINT WARNING * * *
You closely miss the swamp dragon.
The swamp dragon is almost dead.
You slash the bog body!
You are engulfed in poison gas.
You are more poisoned.
* * * LOW HITPOINT WARNING * * *
x2 You feel extremely sick.
The bog body hits you but does no damage.
You block the bog body's attack.
You feel better.
You are engulfed in poison gas.
You are poisoned.
* * * LOW HITPOINT WARNING * * *
You feel sick.
The swamp dragon bites you but does no damage.
You block the swamp dragon's attack. x2
The bog body gestures at you while chanting.
The bolt of cold hits you!
You die...

..#.#.≈≈.♣♣♣.≈..<....≈.≈≈≈≈..≈.♣♣
....#...≈.♣♣.(.≈≈≈≈?≈≈.≈≈≈≈≈<♣♣ ♣
#+##...≈.♣♣.≈≈.≈≈≈≈..≈≈≈≈...♣
......≈.♣♣ ♣......≈.≈§≈≈≈.♣♣
..#.##≈♣♣ ♣)......≈.♣§.♣ ...##
..♣ ♣.≈....≈≈§♣.. ♣ ..## .♣
♣.≈..§.≈≈≈≈.♣ ♣♣ ..#### .♣
♣..°°○≈♣.≈≈.♣ ♣. ..##.#♣ ♣
♣♣..°@○♣..♣§≈♣ ♣♣ ......♣
♣....nD○♣.≈≈.♣♣ ♣♣. ♣.§§♣♣♣
♣♣..°○○♣♣≈≈≈..♣♣ ♣♣.≈ ♣...♣♣
♣.≈.○○○♣≈.≈...♣♣♣♣≈≈≈ ♣.≈≈.♣
♣.≈....÷♣.≈..♣.≈.§.≈. ♣...♣♣
♣.≈≈..≈♣♣≈≈).≈≈≈≈≈≈≈≈ ♣.≈.♣♣
♣.≈≈.♣≈♣♣.≈≈≈.≈÷≈≈♣≈≈ .≈≈..♣
♣.≈≈.♣.......(§≈≈≈♣≈≈ ♣≈≈≈<♣
♣.≈°>♣♣♣.≈≈≈≈.≈.≈≈≈†.


You could see a swamp dragon (catching breath) and a bog body.

Vanquished Creatures
  A thorn hunter (Swamp:2)
  An orc warlord (Bailey)
  Louise (D:14)
  A stone giant (Orc:1)
  A very ugly thing (Swamp:1)
  Snorg (Lair:4)
  Harold (D:7)
  Erolcha (D:9)
  8 hydras
  A vault guard (D:14)
  Erica (D:9)
  A centaur warrior (D:13)
  7 alligators (Swamp:2)
  A shambling mangrove (Swamp:2)
  4 two-headed ogres
  A death yak (D:9)
  Sonja (Orc:2)
  2 unseen horrors
  3 orc knights
  Pikel (D:5)
  An orc sorcerer (Orc:2)
  A deep elf mage (D:10)
  2 cyclopes (D:12)
  A manticore (D:12)
  Joseph (D:8)
  A black mamba (Lair:2)
  A gargoyle (D:12)
  Psyche (D:9)
  3 centaur skeletons
  A torpor snail (Lair:6)
  8 spiny frogs
  2 orange demons (D:13)
  2 komodo dragons
  A rime drake (Lair:6)
  A red devil (D:13)
  A tengu conjurer (D:14)
  A meliai (D:14)
  3 trolls
  3 hornets (Swamp:2)
  7 blink frogs
  5 tyrant leeches
  4 dream sheep (Lair:6)
  4 bog bodies
  6 hippogriffs
  A vampire (D:12)
  A wyvern (D:14)
  2 shadows
  3 basilisks
  34 yaks
  2 steam dragons
  A hungry ghost (D:11)
  11 vampire mosquitoes
  A warg (Orc:2)
  10 swamp worms
  An acid dragon (D:14)
  9 water moccasins
  3 porcupines
  2 ice beasts
  15 orc warriors
  2 sky beasts
  2 slaves (D:5)
  2 phantoms
  2 black bears
  8 ogres
  An eye of draining (D:11)
  A necrophage (D:11)
  7 centaurs
  2 wolves (Lair:4)
  7 crocodiles
  3 big kobolds
  2 wyvern zombies
  16 bullfrogs
  A wyvern skeleton (D:10)
  2 scorpions
  18 killer bees
  2 wights (D:14)
  2 electric eels
  A jelly (D:5)
  6 crimson imps
  2 quasits
  5 hounds
  8 orc priests
  7 orc wizards
  2 bullfrog skeletons
  5 iguanas
  6 worker ants
  An ogre zombie (D:11)
  13 gnolls
  16 adders
  A howler monkey skeleton (D:10)
  A shadow imp (D:7)
  An ooze (D:2)
  2 adder skeletons
  5 worms
  4 dart slugs
  6 leopard geckos
  30 orcs
  6 ball pythons (Sewer)
  8 giant cockroaches
  23 goblins
  36 hobgoblins
  11 jackals
  13 bats
  8 frilled lizards
  A goblin zombie (D:11)
  A hobgoblin skeleton (D:11)
  A hobgoblin zombie (D:11)
  17 kobolds
  A leopard gecko skeleton (D:5)
  2 orc skeletons (D:11)
  6 orc zombies (D:11)
  12 rats
  2 briar patches (Swamp:2)
  11 fungi
  18 plants
575 creatures vanquished.

Vanquished Creatures (collateral kills)
  Rupert (Lair:4)
  Gastronok (D:11)
  An orc warlord (Orc:2)
  A fire dragon (D:13)
  2 hydras (Lair:4)
  An ogre mage (D:10)
  3 two-headed ogres
  3 orc high priests (Orc:2)
  2 unseen horrors
  A deep elf mage (D:13)
  4 orc knights (Orc:2)
  An orc sorcerer (Orc:2)
  A manticore (D:14)
  A black mamba (Lair:2)
  A torpor snail (Lair:4)
  2 orange demons (D:13)
  18 spiny frogs
  3 centaur skeletons
  A yaktaur (shapeshifter) (D:14)
  2 komodo dragons
  A redback zombie (D:14)
  A rime drake (Lair:1)
  2 red devils (D:13)
  4 trolls (Orc:2)
  A tengu conjurer (D:14)
  2 meliai (D:14)
  A bog body (Lair:3)
  5 tyrant leeches
  16 blink frogs
  6 dream sheep
  25 yaks
  A centaur simulacrum (D:14)
  A shadow (D:13)
  2 vampires
  A wraith (D:10)
  3 wyverns
  A hungry ghost (D:11)
  6 vampire mosquitoes
  3 basilisks
  5 wargs (Orc:2)
  A swamp worm (Swamp:1)
  An acid dragon (D:13)
  12 water moccasins
  6 porcupines
  A sky beast (D:12)
  A swamp drake (Swamp:1)
  7 orc warriors (Orc:2)
  4 ogres
  3 centaurs (D:14)
  A phantom (D:11)
  8 wolves (Lair:4)
  4 crocodiles
  2 big kobolds
  16 bullfrogs
  A scorpion (D:9)
  A troll zombie (D:11)
  A wight (D:14)
  A vampire bat (Lair:2)
  4 crimson imps
  2 centaur zombies (D:11)
  2 quasits
  6 orc wizards
  A bullfrog skeleton (D:11)
  3 hounds
  An orc priest (D:13)
  A gnoll shaman (D:9)
  5 hell rats (Lair:5)
  3 worker ants
  6 ogre zombies (D:11)
  2 adders (Lair:2)
  A shadow imp (D:10)
  11 orcs
  A jackal (D:9)
  A goblin skeleton (D:11)
  A goblin zombie (D:11)
  2 hobgoblin zombies (D:11)
  4 kobolds (D:13)
  A leopard gecko zombie (D:9)
  An orc skeleton (D:11)
  9 orc zombies (D:11)
  3 bushes
  86 fungi
  71 plants
436 creatures vanquished.

Vanquished Creatures (others)
  3 orc knights
  An orc sorcerer (Orc:2)
  A yak (D:11)
  7 orc warriors
  8 orc wizards
  7 orc priests
  34 orcs
  A briar patch (Swamp:2)
  2 bushes (D:6)
  13 fungi
  28 plants
105 creatures vanquished.

Grand Total: 1116 creatures vanquished

Notes
Turn   | Place    | Note
-------+----------+-------------------------------------------
     0 | D:1      | radhat240 the Hill Orc Fighter began the quest for the Orb.
     0 | D:1      | Reached XP level 1. HP: 19/19 MP: 1/1
   161 | D:1      | Reached XP level 2. HP: 19/27 MP: 2/2
   331 | D:1      | Reached skill level 3 in Axes
   341 | D:1      | Reached XP level 3. HP: 24/33 MP: 3/3
   925 | D:2      | Reached XP level 4. HP: 40/40 MP: 4/4
  1089 | D:2      | Reached skill level 4 in Axes
  1191 | D:2      | Found a radiant altar of Vehumet.
  1192 | D:2      | Found a basalt altar of Yredelemnul.
  1193 | D:2      | Found a shadowy altar of Dithmenos.
  1361 | D:2      | You fall into a shaft and drop 2 floors!
  1451 | D:3      | Reached XP level 5. HP: 39/46 MP: 5/5
  2961 | D:4      | Noticed a moth of wrath
  2989 | D:4      | Found a bloodstained altar of Trog.
  2999 | D:4      | Reached XP level 6. HP: 53/53 MP: 6/6
  3345 | D:5      | Entered Level 5 of the Dungeon
  3457 | D:5      | Reached skill level 5 in Axes
  3514 | D:5      | Noticed an ice beast
  3528 | D:5      | Killed an ice beast
  3528 | D:5      | Reached skill level 5 in Fighting
  3528 | D:5      | Reached skill level 5 in Armour
  3530 | D:5      | Reached XP level 7. HP: 53/61 MP: 7/7
  3597 | D:5      | Reached skill level 5 in Shields
  3695 | D:5      | Noticed Pikel
  3713 | D:5      | HP: 3/61 [slave[Pikel] (1)]
  3829 | D:5      | Killed Pikel
  3829 | D:5      | Reached skill level 6 in Axes
  3829 | D:5      | Reached XP level 8. HP: 55/70 MP: 8/8
  4276 | D:6      | Found a staircase to the Ecumenical Temple.
  4292 | D:6      | Found a glowing drain.
  4308 | D:6      | Reached skill level 7 in Axes
  4369 | Sewer    | Entered a sewer
  5154 | D:6      | Found a shattered altar of Ashenzari.
  5457 | D:6      | Found an ancient bone altar of Kikubaaqudgha.
  5473 | D:6      | Became a worshipper of Beogh the Brigand
  5792 | D:6      | Reached XP level 9. HP: 79/79 MP: 9/9
  5988 | D:7      | Reached skill level 8 in Axes
  6210 | D:7      | Found a sacrificial altar of Ru.
  6224 | D:7      | Found a white marble altar of Elyvilon.
  6532 | D:7      | Noticed Harold
  6546 | D:7      | Killed Harold
  6546 | D:7      | Reached skill level 9 in Axes
  7014 | D:8      | Noticed Joseph
  7030 | D:8      | Killed Joseph
  7043 | D:8      | Found a flagged portal.
  7043 | D:8      | Noticed a two-headed ogre
  7047 | D:8      | Noticed a two-headed ogre
  7060 | Bailey   | Entered a bailey
  7127 | Bailey   | Reached XP level 10. HP: 89/90 MP: 10/10
  7154 | Bailey   | Reached * piety under Beogh
  7434 | Bailey   | Noticed an orc knight
  7434 | Bailey   | Noticed an orc warlord
  7434 | Bailey   | Noticed an orc knight
  7441 | Bailey   | Reached ** piety under Beogh
  7441 | Bailey   | Killed an orc knight
  7441 | Bailey   | Reached skill level 10 in Axes
  7441 | Bailey   | Killed an orc knight
  7441 | Bailey   | Killed an orc warlord
  7441 | Bailey   | Reached skill level 10 in Fighting
  7586 | Bailey   | Got a flickering jade ring
  7595 | Bailey   | Identified 2 scrolls of acquirement
  7595 | Bailey   | Acquired 390 gold pieces
  7597 | Bailey   | Acquired the +2 hat "Nubitul" {Str+3 Dex+2}
  7611 | Bailey   | Identified the ring of Keihuv {MR++ MP+9} (You found it in
                  | a bailey)
  7700 | D:8      | Killed a two-headed ogre
  7700 | D:8      | Reached skill level 11 in Axes
  7700 | D:8      | Reached XP level 11. HP: 55/101 MP: 11/11
  7708 | D:8      | Killed a two-headed ogre
  8079 | D:9      | Noticed Psyche
  8079 | D:9      | Noticed Erica
  8111 | D:9      | Reached skill level 10 in Armour
  8181 | D:9      | Reached skill level 10 in Shields
  8218 | D:9      | Reached *** piety under Beogh
  8288 | D:9      | Killed Erica
  8473 | D:9      | Killed Psyche
  8543 | D:9      | Found a staircase to the Lair.
  8543 | D:9      | Noticed a death yak
  8551 | D:9      | Killed a death yak
  8551 | D:9      | Reached skill level 12 in Axes
  8674 | D:9      | Found a snail-covered altar of Cheibriados.
  9237 | D:9      | Noticed Erolcha
  9248 | D:9      | Killed Erolcha
  9470 | D:10     | Entered Level 10 of the Dungeon
  9708 | D:10     | Reached XP level 12. HP: 107/110 MP: 12/12
 10221 | D:10     | Noticed an ogre mage
 10234 | D:10     | Killed an ogre mage
 10247 | D:10     | Gained Garbold as an ally
 11327 | D:11     | Reached skill level 13 in Axes
 11338 | D:11     | Gained Bogmar as an ally
 11339 | D:11     | Reached **** piety under Beogh
 11380 | D:11     | Noticed a two-headed hydra
 11383 | D:11     | Killed a one-headed hydra
 11425 | D:11     | Got a fading halberd
 11432 | D:11     | Identified the cursed +0 halberd "Reciu" {vorpal, MR+ Str-3
                  | Int+6 Dex+2} (You found it on level 11 of the Dungeon)
 11485 | D:11     | Found a staircase to the Orcish Mines.
 11714 | D:11     | Reached skill level 1 in Invocations
 11802 | D:11     | Reached ***** piety under Beogh
 12026 | D:11     | Noticed a two-headed ogre
 12032 | D:11     | Killed a two-headed ogre
 12197 | D:11     | Noticed Gastronok
 12205 | D:11     | Killed Gastronok
 12255 | D:11     | Gained Borgun as an ally
 12497 | D:12     | Reached XP level 13. HP: 114/119 MP: 15/15
 12803 | D:12     | Reached skill level 14 in Axes
 12824 | D:12     | Found Futronu's Armour Boutique.
 12832 | D:12     | Bought a +0 tower shield of protection for 149 gold pieces
 12952 | D:12     | Found an opulent altar of Gozag.
 13006 | D:12     | Reached skill level 5 in Invocations
 13480 | D:13     | Found Kot Dyt's Antique Armour Shoppe.
 13970 | D:13     | Gained Bogric as an ally
 14329 | D:13     | Found Emyit's Book Boutique.
 14556 | D:14     | Noticed a fire dragon
 14563 | D:13     | Killed a fire dragon
 14731 | Orc:1    | Entered Level 1 of the Orcish Mines
 14731 | Orc:1    | Found Detay's Antique Weapon Shop.
 14789 | Orc:1    | Bought a brightly glowing battleaxe for 276 gold pieces
 15253 | Orc:2    | Entered Level 2 of the Orcish Mines
 15271 | Orc:2    | Found a staircase to the Elven Halls.
 15296 | Orc:2    | Found Itubi Vaug's Antique Weapon Boutique.
 15381 | Orc:2    | Found Wenne's Book Shoppe.
 15382 | Orc:2    | Noticed Sonja
 15387 | Orc:2    | Killed Sonja
 15408 | Orc:2    | Noticed an orc warlord
 15416 | Orc:2    | Found Qibux's General Store.
 15425 | Orc:2    | Killed an orc warlord
 15427 | Orc:2    | Reached XP level 14. HP: 99/130 MP: 19/19
 15473 | Orc:2    | Bought a scroll of identify for 34 gold pieces
 15473 | Orc:2    | Bought a scroll of enchant weapon for 127 gold pieces
 15701 | Orc:2    | Found Laopot's Antique Armour Shop.
 15757 | Orc:2    | Bought a runed plate armour for 650 gold pieces
 16323 | Orc:1    | Noticed a stone giant
 16331 | Orc:1    | Killed a stone giant
 16371 | Orc:1    | You fall into a shaft and drop 1 floor!
 16998 | D:14     | Noticed Louise
 17022 | D:14     | Killed Louise
 17022 | D:14     | Reached skill level 15 in Axes
 17182 | D:14     | Found a gate to the Vaults.
 18077 | Lair:1   | Entered Level 1 of the Lair of Beasts
 18089 | Lair:1   | Gained Hawl as an ally
 18473 | Lair:1   | Gained Morbeogh as an ally
 18852 | Orc:2    | Bought the +3 scale mail "Fahoomu" {rF++ Str+5 Stlth-} for
                  | 894 gold pieces
 18955 | D:12     | Bought a +1 helmet of intelligence for 214 gold pieces
 19622 | Lair:2   | Found a staircase to the Snake Pit.
 20382 | Lair:3   | Found a staircase to the Swamp.
 21304 | Lair:4   | Reached ****** piety under Beogh
 21833 | Lair:4   | Noticed Snorg
 21842 | Lair:4   | Killed Snorg
 21964 | Lair:4   | Noticed Rupert
 21973 | Lair:4   | Killed Rupert
 22267 | Lair:5   | Found a staircase to the Slime Pits.
 22270 | Lair:5   | Found a viscous altar of Jiyva.
 22686 | Lair:5   | You fall into a shaft and drop 1 floor!
 22686 | Lair:6   | Entered Level 6 of the Lair of Beasts
 22805 | Lair:6   | Reached XP level 15. HP: 139/139 MP: 22/22
 22923 | Lair:6   | Gained Bladwarg as an ally
 22965 | Lair:6   | Reached skill level 10 in Invocations
 22996 | Lair:6   | Reached skill level 16 in Axes
 23009 | Lair:6   | Your ally Hawl died
 23133 | Lair:5   | Gained Bogwald as an ally
 23811 | Lair:6   | Reached skill level 15 in Fighting
 24426 | Lair:6   | Identified the +5 battleaxe of Karma {speed, rElec rN+}
                  | (You bought it in a shop on level 1 of the Orcish Mines)
 24837 | Swamp:1  | Entered Level 1 of the Swamp
 26032 | Swamp:2  | Noticed a thorn hunter
 26067 | Swamp:2  | Killed a thorn hunter
 26466 | Swamp:2  | Killed from afar by a bog body

Illustrated notes

Levels and vault maps discovered:
D:1:      dpeg_arrival_snail, layout_basic
D:2:      layout_basic, chequers_temple_overflow_statue_of_worship,
          minmay_hedge_maze, minmay_misc_feat_five
D:3:      layout_basic
D:4:      layout_loops_ring, tgw_trog, first_ration, minmay_distorted
D:5:      layout_basic, kennysheep_nub, minmay_fractal_squares_diagonal_5,
          uniq_pikel
D:6:      layout_loops_ring, kennysheep_mini_moat,
          minmay_temple_entry_overgrown, gup_sewer_entry_glass,
          cheibrodos_ashenzari_chains
D:7:      layout_layer_cave, nicolae_overflow_crystal_walls,
          lemuel_doored_altar, uniq_harold
D:8:      layout_rooms, enter_bailey_6, uniq_joseph
D:9:      layout_layer_cave, cheibriados_altar_1, david_lair_generic,
          uniq_psyche, uniq_erica, uniq_erolcha
D:10:     minmay_slanted_spiral_squares, layout_loops_ring
D:11:     layout_long_grid, zombieorc2_lemuel, hangedman_ranch
          [blue_anna_fruit_fields], uniq_gastronok
D:12:     layout_loops_ring, serial_shops, shop, chequers_avenue,
          nicolae_gozag_seed_capital
D:13:     layout_basic, serial_shops, shop, nicolae_shop_crystal,
          minmay_beelzebubs_servants
D:14:     layout_grid_maze, david_vaults_5, minmay_misc_feat_room, uniq_louise
Lair:1:   layout_loops_ring, infiniplex_staircase_pool
Lair:2:   layout_loops_ring, minmay_snake_entry_six_corridors, roderic_batcave
Lair:3:   layout_loops_ring, nicolae_swamp_entry_splash_gauntlet,
          grunt_megastairs_5, lemuel_fruit_tree
Lair:4:   layout_cellular_growth, kennysheep_catoblepas_arena, uniq_snorg,
          uniq_rupert
Lair:5:   layout_cave_pods, slime_altar_1, beast_lair_carwin_9,
          grunt_megastairs_1
Lair:6:   minmay_lair_end_frog_pond, layout_layer_cave
Swamp:1:  layout_falls_marsh, evilmike_swamp_ruin_rubble_2
Swamp:2:  layout_falls_marsh, hangedman_swamp_ruin_hall
Orc:1:    layout_caves, serial_shops, nicolae_shop_statue_plus
Orc:2:    grunt_orc_gardens, layout_caves, grunt_orc_garden, grunt_orc_garden,
          grunt_orc_garden, grunt_orc_garden, uniq_sonja

Skill      XL: |  1  2  3  4  5  6  7  8  9 10 11 12 13 14 15 |
---------------+----------------------------------------------+-----
Axes           | 3 4 5 6 7 9 11 12 13 14 15 16 | 16.6
Fighting       | 4 5 6 7 8 10 11 12 13 14 15 | 15.4
Armour         | 4 5 6 8 9 10 11 12 13 14 | 14.4
Shields        | 4 5 6 8 9 10 11 12 13 14 | 14.4
Invocations    | 3 7 9 11 | 11.1
Dodging        | |  0.3

Action                   |  1- 3 |  4- 6 |  7- 9 | 10-12 | 13-15 || total
-------------------------+-------+-------+-------+-------+-------++-------
Melee: War axe           |   115 |   180 |   434 |   417 |   725 ||  1871
Throw: Javelin           |       |       |       |       |     1 ||     1
Invok: Convert to Beogh  |       |       |     1 |       |       ||     1
       Smiting           |       |       |       |     9 |    15 ||    24
       Give Item to Name |       |       |       |     3 |     5 ||     8
       Recall Orcish Fol |       |       |       |       |    24 ||    24
  Use: Scroll            |     4 |     2 |     2 |    14 |    25 ||    47
       Potion            |       |     3 |       |       |     5 ||     8
 Stab: Distracted        |       |       |       |     2 |     6 ||     8
  Eat: Chunk             |       |     5 |     6 |     3 |     9 ||    23
       Ration            |       |     1 |     3 |     4 |    10 ||    18
Armor: Scale mail        |    59 |   107 |    14 |       |       ||   180
       Plate armour      |       |       |   256 |   160 |   271 ||   687
Dodge: Dodged            |    35 |    52 |    87 |    82 |    92 ||   348
Block: Kite shield       |    67 |    90 |   296 |   269 |    67 ||   789
       Tower shield      |       |       |       |       |   609 ||   609
